Cogmind - Beta 15 *** ADVENTURER MODE // 2025.05.09 @ 10:35:41 Player: Jefffff Result: Destroyed by Y-45 Defender with Heavy Assault Rifle Performance ------------- Evolutions (2) 1000 Regions Visited (8) 1600 Robots Destroyed (111) 555 Value Destroyed (3082) 3082 Prototype IDs (12) 240 Alien Tech Used (0) 0 Bonus (93) 93 TOTAL SCORE: 6570 Bonus ------- Follower Combat Kills 93 Cogmind --------- Core Integrity 0/550 Matter 239/300 Energy 149/265 System Corruption 7% Temperature Cool (63) Movement Treading (240) Ox1 Location -8/Storage Parts ------- > --- POWER (1) -------- Reinforced Ion Engine > --- PROPULSION (3) --- Light Treads Wheel Compact Wheel > --- UTILITY (4) ------ Large Storage Unit Advanced Visual Processing Unit Improved Signal Interpreter Propulsion Shielding > --- WEAPON (3) ------- Pulse Rifle Advanced EMP Blaster > --- INVENTORY (15) --- Improved Ion Engine Heavy Ion Engine Heavy Ion Engine Heavy Ion Engine Heavy Ion Engine Heavy Ion Engine Light Angular Momentum Engine Scrap Suit Improved Heat Sink Machine Analyzer Recoil Stabilizer Improved Utility Shielding Improved Weapon Shielding Hacking Suite Peak State ------------ > --- POWER ------------ Deuterium Engine > --- PROPULSION ------- Carbon-fiber Leg Titanium Leg Titanium Leg > --- UTILITY ---------- Advanced Heat Sink Large Storage Unit Advanced Visual Processing Unit Improved Signal Interpreter > --- WEAPON ----------- Heavy Particle Gun Enhanced Autogun Scythe > --- INVENTORY -------- Reinforced Ion Engine Light Angular Momentum Engine Scrap Suit Machine Analyzer Recoil Stabilizer Propulsion Shielding Improved Utility Shielding Improved Weapon Shielding Hacking Suite Pulse Rifle Heavy Ion Cannon Gauss Rifle Gauss Rifle Improved Grenade Launcher [Rating: 39] Favorites ----------- Power Light Nuclear Core Engine Deuterium Engine Power Core Light Nuclear Core Propulsion Aluminum Leg Treads Light Treads Leg Aluminum Leg Wheel Wheel Utility Large Storage Unit Device Improved Heat Sink Storage Large Storage Unit Processor Signal Interpreter Protection Propulsion Shielding Weapon Medium Laser Energy Gun Medium Laser Energy Cannon Heavy Ion Cannon Ballistic Gun Assault Rifle Launcher Advanced EMP Blaster Slashing Weapon Scythe Build | -11 -10 -10 -9 -9 -9 -8 -8 -8 ------- Run | Yrd Mat Min Mat Min Exi Min Mat Sto Slots Evolved 4 | . . . 2 . . . 2 . Power . | . . . . . . . . . Propulsion 1 | . . . . . . . 1 . Utility 2 | . . . 1 . . . 1 . Weapon 1 | . . . 1 . . . . . Parts Attached 57 | 6 2 2 5 3 . . 24 15 Power 5 | 1 1 . 1 . . . 1 1 Engine 4 | 1 1 . . . . . 1 1 Core 1 | . . . 1 . . . . . Reactor . | . . . . . . . . . Propulsion 16 | 2 . . 1 2 . . 6 5 Treads 1 | . . . . . . . . 1 Leg 12 | 2 . . 1 2 . . 6 1 Wheel 3 | . . . . . . . . 3 Hover . | . . . . . . . . . Flight . | . . . . . . . . . Utility 13 | 1 1 1 2 . . . 6 2 Device 5 | . . 1 1 . . . 3 . Storage 3 | 1 1 . . . . . 1 . Processor 3 | . . . 1 . . . 1 1 Hackware . | . . . . . . . . . Protection 2 | . . . . . . . 1 1 Artifact . | . . . . . . . . . Weapon 23 | 2 . 1 1 1 . . 11 7 Energy Gun 5 | 1 . . . . . . 3 1 Energy Cannon 1 | . . . . . . . . 1 Ballistic Gun 12 | 1 . 1 1 1 . . 7 1 Ballistic Cannon . | . . . . . . . . . Launcher 4 | . . . . . . . . 4 Special Weapon . | . . . . . . . . . Impact Weapon . | . . . . . . . . . Slashing Weapon 1 | . . . . . . . 1 . Piercing Weapon . | . . . . . . . . . Special Melee Weapon . | . . . . . . . . . Unidentified Prototypes 4 | . . . . . . . 2 2 Parts Lost 14 | . 1 . . . . . 1 12 Power 2 | . 1 . . . . . . 1 Propulsion 4 | . . . . . . . 1 3 Utility 1 | . . . . . . . . 1 Weapon 7 | . . . . . . . . 7 Highest Loss Streak 10 | . 1 . . . . . 1 10 To Critical Strikes . | . . . . . . . . . Average Backups 13 | 2 9 15 14 14 14 14 13 11 Power 2 | . 1 1 1 2 2 2 2 4 Propulsion 1 | . 1 3 3 2 2 2 . . Utility 4 | . 1 4 3 4 4 4 6 6 Weapon 5 | 1 4 7 6 6 6 6 5 . Tool/Special . | . . . . . . . . . Unused Backups 38 | . . 2 1 6 . . 13 16 Power 12 | . . . 1 1 . . 1 9 Propulsion 3 | . . 1 . 2 . . . . Utility 9 | . . . . 1 . . 1 7 Weapon 14 | . . 1 . 2 . . 11 . Tool/Special . | . . . . . . . . . Average Slot Usage (%) 97 | . 98 100 94 100 100 100 99 82 Engine 5 | . 13 14 7 . . . 5 8 Core 4 | . . . 3 11 11 11 3 . Leg 23 | . 28 28 22 22 22 22 26 6 Device 8 | . . 10 11 11 11 11 9 1 Storage 12 | . 27 17 11 11 11 11 9 9 Processor 11 | . . . 11 11 11 11 17 18 Energy Gun 10 | . 14 14 11 11 11 11 9 7 Ballistic Gun 16 | . 14 14 16 22 22 22 15 8 Slashing Weapon 1 | . . . . . . . 2 1 Peak Build Rating 39 | 6 8 8 16 16 16 16 38 39 Average Rating 20 | 3 7 7 11 15 16 16 31 24 On Entrance 13 | . 6 8 8 16 16 16 16 37 Naked Turns . | . . . . . . . . . Heaviest Build 46 | 14 34 34 31 31 31 31 41 46 Greatest Support 51 | 20 20 20 23 23 23 23 51 49 Greatest Overweight (x) 15 | 1 1 1 1 1 1 1 1 15 Average Overweight (x) . | . . 1 1 1 1 1 . 2 Largest Inventory Capacity 15 | 8 15 15 15 15 15 15 15 15 Average Capacity 14 | 7 14 15 15 15 15 15 15 15 Most Carried 15 | 6 15 15 15 15 15 15 15 15 Average Carried 14 | 2 9 15 14 14 15 15 14 12 Final Capacity 15 | 8 15 15 15 15 15 15 15 15 Final Carried 15 | 1 15 15 15 15 15 15 15 15 Class Distribution -------------------- 37% | Mutant 30% | Scavenger-Gunner 15% | Skirmisher 8% | Scavenger-Skirmisher 4% | Scavenger-Mutant Dominant Class ---------------- Mutant | -10/Materials Mutant | -10/Mines Mutant | -9/Materials Scavenger-Gunner | -9/Mines Scavenger-Gunner | -9/Exiles Scavenger-Gunner | -8/Mines Skirmisher | -8/Materials Scavenger-Mutant | -8/Storage Resources | -11 -10 -10 -9 -9 -9 -8 -8 -8 ----------- Run | Yrd Mat Min Mat Min Exi Min Mat Sto Matter Collected 2124 | 185 167 29 83 70 . . 1150 440 Remotely . | . . . . . . . . . Salvage Created 4446 | . 296 33 197 157 . . 2508 1255 Parts 220 | . 16 4 4 13 . . 126 57 Haulers Intercepted 9 | . 1 . . . . . 6 2 Recyclers Shooed 8 | . . . 1 . . . 2 5 Parts Field Recycled . | . . . . . . . . . Retrieved Matter . | . . . . . . . . . Parts Self-Destructed . | . . . . . . . . . Prevented . | . . . . . . . . . Kills | -11 -10 -10 -9 -9 -9 -8 -8 -8 ------- Run | Yrd Mat Min Mat Min Exi Min Mat Sto Combat Hostiles Destroyed 78 | . 9 2 2 5 . . 39 21 Guns 70 | . 9 2 2 5 . . 39 13 Cannons 1 | . . . . . . . . 1 AOE 6 | . . . . . . . . 6 Classes Destroyed 11 | . 3 . 2 2 . . 4 . Worker 2 | . . . . . . . 1 1 Builder 3 | . . . . . . . 1 2 Tunneler 5 | . . . . 1 . . 4 . Hauler 9 | . 1 . . . . . 6 2 Recycler 9 | . . . 1 . . . 3 5 Operator 1 | . . . . . . . 1 . Watcher 4 | . . . . . . . 4 . Swarmer 21 | . 5 2 . 3 . . 8 3 Grunt 37 | . 4 . 1 1 . . 21 10 Brawler 2 | . . . . 1 . . 1 . Sentry 18 | . . . 1 . . . 9 8 Best Kill Streak 14 | . 5 2 3 3 . . 6 14 Combat Bots Only 13 | . 5 2 2 3 . . 6 13 Max Kills in Single Turn 2 | . 1 1 1 1 . . 2 2 Gunslinging 1 | . . . . . . . 1 . Exploded 1 | . . . . . . . . 1 Melee . | . . . . . . . . . Uniques/NPCs Destroyed . | . . . . . . . . . Combat | -11 -10 -10 -9 -9 -9 -8 -8 -8 -------- Run | Yrd Mat Min Mat Min Exi Min Mat Sto Hostile Shots Fired 421 | . 40 5 17 14 . . 159 186 Missed 111 | . 8 1 8 . . . 49 45 Hits 310 | . 32 4 9 14 . . 110 141 Projectile 310 | . 32 4 9 14 . . 110 141 Critical Strikes 9 | . . . . . . . 4 5 Actively Blocked 1 | . . . . . . . . 1 Damage Taken 3372 | . 260 21 93 98 . . 1291 1609 Core 662 | . 44 . 39 21 . . 273 285 Absorbed by Shields . | . . . . . . . . . Redirected to Shielding 52 | . . . . . . . 4 48 Ignored by Resistances 985 | . 84 8 27 31 . . 374 461 Regen/Repaired (Parts) 95 | . . . . . . . 95 . Core Remaining (%) 89 | 100 . 82 . . . 85 . . Volleys Fired 264 | . 25 3 15 10 1 . 132 78 Largest 3 | . 2 2 3 3 3 . 3 3 Hottest 156 | . 70 70 90 90 90 . 113 156 Shots Fired 595 | . 50 6 33 29 3 . 349 125 Gun 572 | . 50 6 33 29 3 . 349 102 Cannon 9 | . . . . . . . . 9 Launcher 14 | . . . . . . . . 14 Special . | . . . . . . . . . Kinetic 357 | . 25 3 21 20 2 . 230 56 Thermal 224 | . 25 3 12 9 1 . 119 55 Explosive 10 | . . . . . . . . 10 Electromagnetic 4 | . . . . . . . . 4 Robot Hit Streak 29 | . 27 2 27 29 . . 28 29 Robot Miss Streak 5 | . 3 3 1 1 . . 5 2 Penetration Max 1 | . . . . . . . . 1 Secondary Targets 11 | . 2 . . 2 . . 5 2 Max Gunslinging Chain 1 | . 1 . . 1 . . 1 1 Shots Hit Robots 457 | . 39 2 31 17 . . 256 112 Core Hits 193 | . 16 2 11 9 . . 105 50 Critical Kills 1 | . . . . . . . 1 . Critical Parts Destroyed 3 | . . . 1 . . . 1 1 Critical Strikes 16 | . 1 . 1 1 . . 11 2 Burn 12 | . 1 . . 1 . . 9 1 Destroy 4 | . . . 1 . . . 2 1 Melee Attacks 7 | . . . . . . . 7 . Impact . | . . . . . . . . . Slashing 7 | . . . . . . . 7 . Piercing . | . . . . . . . . . Sneak Attacks 4 | . . . . . . . 4 . Combat Hostiles . | . . . . . . . . . Follow-up Attacks . | . . . . . . . . . Damage Inflicted 8327 | . 495 36 322 202 . . 4450 2822 Guns 6941 | . 492 36 322 202 . . 4192 1697 Cannons 246 | . . . . . . . . 246 Explosions 879 | . . . . . . . . 879 Melee 248 | . . . . . . . 248 . Ramming 13 | . 3 . . . . . 10 . Kinetic 4193 | . 231 23 171 102 . . 2648 1018 Thermal 2994 | . 261 13 151 100 . . 1544 925 Explosive 810 | . . . . . . . . 810 Electromagnetic 69 | . . . . . . . . 69 Impact . | . . . . . . . . . Slashing 248 | . . . . . . . 248 . Piercing . | . . . . . . . . . Highest Corruption 7 | . . . . . . . 3 7 Average Corruption 2 | . . . . . . . 2 3 Corruption Purged . | . . . . . . . . . Corruption Blocked . | . . . . . . . . . Effects 34 | . . . . . . . 24 10 Message Errors 10 | . . . . . . . 6 4 Matter Fused 6 | . . . . . . . 4 2 Heat Flow Errors 6 | . . . . . . . 5 1 Energy Discharges 4 | . . . . . . . 2 2 Parts Rejected 1 | . . . . . . . 1 . Data Loss (minor) 4 | . . . . . . . 4 . Data Loss (major) 1 | . . . . . . . 1 . Weapon Failures 2 | . . . . . . . 1 1 Overload Shots . | . . . . . . . . . Overflow Damage 145 | . . . . . . . 98 47 Projectiles 3 | . . . . . . . . 3 Explosions 44 | . . . . . . . . 44 Melee 98 | . . . . . . . 98 . Knockbacks . | . . . . . . . . . Impact . | . . . . . . . . . Kinetic . | . . . . . . . . . Secondary . | . . . . . . . . . Self-Inflicted Damage 63 | . . . . . . . . 63 Shots 2 | . . . . . . . . 2 Rammed . | . . . . . . . . . Targets Rammed 3 | . 1 . . . . . 2 . Kicked 3 | . 1 . . . . . 2 . Crushed . | . . . . . . . . . Highest Temperature 410 | . 204 27 126 1 . . 242 410 Average Temperature 67 | . 71 14 43 1 . . 32 96 Received Heat Transfer 1860 | . 150 . 30 24 . . 747 909 Effects 4 | . . . . . . . . 4 Shutdowns 2 | . . . . . . . . 2 Matter Decay 1 | . . . . . . . . 1 Short Circuit 1 | . . . . . . . . 1 Siege Activations . | . . . . . . . . . Martial Activations . | . . . . . . . . . Shielding Activations . | . . . . . . . . . Robots Disrupted . | . . . . . . . . . Combat Hostiles . | . . . . . . . . . Robots Corrupted . | . . . . . . . . . Combat Hostiles . | . . . . . . . . . Parts Fried . | . . . . . . . . . Impact Corruptions . | . . . . . . . . . Robots Melted 1 | . . . . . . . . 1 Combat Hostiles 1 | . . . . . . . . 1 Parts Melted 14 | . 1 . 1 . . . 5 7 Heat Transferred 7733 | . 851 37 444 370 . . 4181 1850 Parts Sabotaged . | . . . . . . . . . Parts Stolen . | . . . . . . . . . Parts Stripped . | . . . . . . . . . Power Chain Reactions . | . . . . . . . . . Alert | -11 -10 -10 -9 -9 -9 -8 -8 -8 ------- Run | Yrd Mat Min Mat Min Exi Min Mat Sto Maximum Alert Level 1 | . . . . . . . 1 1 Low Security (%) 84 | 100 100 100 100 100 . 100 78 43 Level 1 15 | . . . . . . . 21 56 Level 2 . | . . . . . . . . . Level 3 . | . . . . . . . . . Level 4 . | . . . . . . . . . Level 5 . | . . . . . . . . . High Security . | . . . . . . . . . Max Security . | . . . . . . . . . Peak Influence 275 | . 110 53 59 55 . . 273 275 Initial 12 | . . 11 . 12 . . . . Average 70 | . 35 3 29 7 . . 101 185 Influence Increases 2473 | . 233 61 139 125 . . 1183 732 Destroy 0b10 Robot/C 1620 | . 180 40 100 100 . . 780 420 Destroy 0b10 Robot/NC 165 | . 5 . 5 5 . . 100 50 Destroy Leader 426 | . 32 10 30 20 . . 210 124 Allied During Kill 7 | . . 3 4 . . . . . Successful Hack 35 | . . 8 . . . . 27 . Disable Machine 63 | . . . . . . . 9 54 Destroy Structure 97 | . 1 . . . . . 12 84 Lose Combat Pursuer 60 | . 15 . . . . . 45 . Influence Decreases 2433 | . 197 97 100 164 . . 1183 692 Entered New Map 52 | . . 25 . 27 . . . . Time Decay 1749 | . 187 72 40 137 . . 1003 310 Lost Part 140 | . 10 . . . . . 10 120 Lost Ally 90 | . . . 60 . . . 20 10 Purge Threat 402 | . . . . . . . 150 252 Squads Dispatched 11 | . . . . . . . 6 5 Investigation 1 | . . . . . . . 1 . Extermination . | . . . . . . . . . Reinforcement 4 | . . . . . . . 2 2 Assault . | . . . . . . . . . Garrison 6 | . . . . . . . 3 3 Intercept . | . . . . . . . . . Searches Triggered . | . . . . . . . . . Construction Impeded 1 | . . . . . . . . 1 Haulers Reinforced . | . . . . . . . . . Active Scanning Responses . | . . . . . . . . . Cargo Convoy Interrupts . | . . . . . . . . . Stealth | -11 -10 -10 -9 -9 -9 -8 -8 -8 --------- Run | Yrd Mat Min Mat Min Exi Min Mat Sto Distress Signals 7 | . 1 2 . . . . 3 1 Communications Jammed . | . . . . . . . . . Distress Signals . | . . . . . . . . . Times Spotted 105 | . 13 2 6 5 . . 54 25 Peak Tracking Total 8 | . 5 2 4 2 . . 6 8 Tactical Retreats 3 | . 1 . . . . . 2 . Traps | -11 -10 -10 -9 -9 -9 -8 -8 -8 ------- Run | Yrd Mat Min Mat Min Exi Min Mat Sto Traps Triggered 5 | . 1 . . . . . 4 . Indirectly . | . . . . . . . . . Trap Hack Attempts . | . . . . . . . . . Triggered . | . . . . . . . . . Disarmed . | . . . . . . . . . Reprogrammed . | . . . . . . . . . Reused . | . . . . . . . . . Traps Extracted . | . . . . . . . . . Installed . | . . . . . . . . . Triggered . | . . . . . . . . . Machines | -11 -10 -10 -9 -9 -9 -8 -8 -8 ---------- Run | Yrd Mat Min Mat Min Exi Min Mat Sto Machines Disabled 7 | . . . . . . . 1 6 Max in Single Turn 2 | . . . . . . . 1 2 Garrison Access 2 | . . . . . . . 1 1 Machines Repaired . | . . . . . . . . . Machines Dismantled . | . . . . . . . . . Machines Sabotaged . | . . . . . . . . . Overloaded Fab Kills . | . . . . . . . . . Hacking | -11 -10 -10 -9 -9 -9 -8 -8 -8 --------- Run | Yrd Mat Min Mat Min Exi Min Mat Sto Machines Accessed 21 | . . 1 1 . 3 . 12 4 Terminals 12 | . . 1 . . . . 8 3 Fabricators . | . . . . . . . . . Repair Stations 2 | . . . . . . . 2 . Recycling Units . | . . . . . . . . . Scanalyzers 2 | . . . 1 . . . 1 . Garrison Access 2 | . . . . . . . 1 1 Total Hacks 98 | . . 4 2 . 40 . 41 11 Successful 72 | . . 3 . . 40 . 24 5 Failed 26 | . . 1 2 . . . 17 6 Catastrophic 2 | . . . . . . . 1 1 Database Lockouts . | . . . . . . . . . Manual 35 | . . 3 . . . . 26 6 Terminals 45 | . . 4 . . . . 31 10 Fabricators . | . . . . . . . . . Repair Stations 5 | . . . . . . . 5 . Recycling Units . | . . . . . . . . . Scanalyzers 5 | . . . 2 . . . 3 . Garrison Access 3 | . . . . . . . 2 1 Terminal Hacks 54 | . . 3 . . 40 . 8 3 Record 40 | . . . . . 40 . . . Robot Analysis 1 | . . . . . . . 1 . Prototype ID Bank 4 | . . . . . . . 4 . Level Access Points 1 | . . 1 . . . . . . Branch Access Points 2 | . . 1 . . . . 1 . Terminal Index 2 | . . . . . . . 1 1 Unreport Threat 3 | . . . . . . . 1 2 Zone Layout 1 | . . 1 . . . . . . Fabricator Hacks . | . . . . . . . . . Repair Station Hacks 3 | . . . . . . . 3 . Scan Component 2 | . . . . . . . 2 . Repair 1 | . . . . . . . 1 . Recycling Unit Hacks . | . . . . . . . . . Scanalyzer 1 | . . . . . . . 1 . Insert Component 1 | . . . . . . . 1 . Garrison Access Hacks 2 | . . . . . . . 1 1 Seal Access 2 | . . . . . . . 1 1 Unauthorized Hacks 12 | . . . . . . . 11 1 Terminals 12 | . . . . . . . 11 1 Track 1 | . . . . . . . 1 . Assimilate 4 | . . . . . . . 3 1 Botnet 6 | . . . . . . . 6 . Operators 1 | . . . . . . . 1 . Fabricators . | . . . . . . . . . Repair Stations . | . . . . . . . . . Recycling Units . | . . . . . . . . . Scanalyzers . | . . . . . . . . . Garrison Access . | . . . . . . . . . Data Cores Recovered . | . . . . . . . . . Used . | . . . . . . . . . Hacking Detections 16 | . . 1 1 . . . 12 2 Full Trace Events 1 | . . . . . . . 1 . Feedback Events . | . . . . . . . . . Feedback Blocked . | . . . . . . . . . Robot Schematics Acquired . | . . . . . . . . . Robots Built . | . . . . . . . . . Authchips . | . . . . . . . . . Time . | . . . . . . . . . Total Robot Build Rating . | . . . . . . . . . Part Schematics Acquired . | . . . . . . . . . Parts Built . | . . . . . . . . . Authchips . | . . . . . . . . . Time . | . . . . . . . . . Total Part Build Rating . | . . . . . . . . . Parts Repaired 1 | . . . . . . . 1 . Time 38 | . . . . . . . 38 . Parts Recycled . | . . . . . . . . . Recycled Matter . | . . . . . . . . . Retrieved Matter . | . . . . . . . . . Retrieved Components . | . . . . . . . . . Parts Scanalyzed 1 | . . . . . . . 1 . Part Schematics Acquired . | . . . . . . . . . Parts Damaged . | . . . . . . . . . Bothacking | -11 -10 -10 -9 -9 -9 -8 -8 -8 ------------ Run | Yrd Mat Min Mat Min Exi Min Mat Sto Used RIF Installer . | . . . . . . . . . Robots Hacked . | . . . . . . . . . Non-combat . | . . . . . . . . . Combat . | . . . . . . . . . Robot Hacks Applied . | . . . . . . . . . Relay Couplers Released . | . . . . . . . . . Fabnet Peak Effective % . | . . . . . . . . . Robots Rewired . | . . . . . . . . . Allies Hacked . | . . . . . . . . . Hacks Repelled . | . . . . . . . . . Allies | -11 -10 -10 -9 -9 -9 -8 -8 -8 -------- Run | Yrd Mat Min Mat Min Exi Min Mat Sto Total Allies 6 | . . 3 . . . . 2 1 Largest Group 3 | . . 3 3 . . . 1 1 Highest-Rated Group 40 | . . 40 40 . . . 26 10 Highest-Rated Ally 26 | . . 16 16 . . . 26 10 Total Orders . | . . . . . . . . . Ally Attacks 16 | . . . 16 . . . . . Total Damage 139 | . . . 139 . . . . . Kills 3 | . . . 3 . . . . . Allies Corrupted . | . . . . . . . . . Allies Melted . | . . . . . . . . . Intel | -11 -10 -10 -9 -9 -9 -8 -8 -8 ------- Run | Yrd Mat Min Mat Min Exi Min Mat Sto Active Infowar (turns) 3932 | . . 677 96 . . . 2460 699 Optics 3159 | . . . . . . . 2460 699 Seismic 773 | . . 677 96 . . . . . Robot Analysis Total 1 | . . . . . . . 1 . Derelict Logs Recovered 2 | . . . . 2 . . . . Drone Launches . | . . . . . . . . . Drone Recoveries . | . . . . . . . . . Exploration | -11 -10 -10 -9 -9 -9 -8 -8 -8 ------------- Run | Yrd Mat Min Mat Min Exi Min Mat Sto Turns Passed 6957 | 60 542 857 135 955 948 181 2580 699 Spaces Moved 3302 | 57 221 418 45 456 498 96 1226 285 Core 51 | 35 . . . . . . . 16 Treads . | . . . . . . . . . Legs 3023 | 22 221 418 45 456 498 96 1226 41 Wheels 228 | . . . . . . . . 228 Hover . | . . . . . . . . . Flight . | . . . . . . . . . Fastest Speed 50 | 50 120 190 190 190 190 190 120 105 Average Speed 161 | 84 186 190 190 190 190 190 126 154 Slowest Speed 800 | 120 190 190 190 190 190 190 190 800 Overloaded Moves . | . . . . . . . . . Propulsion Burnouts . | . . . . . . . . . Robots Hopped . | . . . . . . . . . Potential Cave-ins . | . . . . . . . . . Cave-ins Triggered . | . . . . . . . . . Exploration Rate (%) 49 | 3 44 71 9 64 89 34 85 43 Regions Visited 8 Branch Regions 5 Pre-discovered Areas 3 | . . . . 2 1 . . . Known Exits Taken 6 | . . 1 1 1 1 1 1 . Unknown Exits Taken 2 | 1 1 . . . . . . . Scrap Searched 4 | . . 2 . 2 . . . . Spaces Dug 3 | . . . . . . . 3 . Terrain Destroyed 92 | . . . . . . . 3 89 Melee 3 | . . . . . . . 3 . Projectile . | . . . . . . . . . AOE 89 | . . . . . . . . 89 Terrain Rammed . | . . . . . . . . . Walls Destroyed . | . . . . . . . . . Machines Disabled . | . . . . . . . . . Actions | -11 -10 -10 -9 -9 -9 -8 -8 -8 --------- Run | Yrd Mat Min Mat Min Exi Min Mat Sto Total 4488 | 68 299 479 74 531 498 95 2018 426 Wait 739 | . 36 51 2 51 . . 570 29 Move 3294 | 56 220 417 44 455 497 95 1225 285 Hop . | . . . . . . . . . Pick Up 62 | 6 15 2 4 4 . . 20 11 Fast Attach 10 | 1 1 1 . . . . 2 5 Attach 20 | 5 1 . 2 . . . 3 9 Detach . | . . . . . . . . . Swap 34 | . . 1 3 3 . . 24 3 Drop 55 | . . 4 4 8 . . 33 6 Fire 264 | . 25 3 15 10 1 . 132 78 Melee 7 | . . . . . . . 7 . Ram . | . . . . . . . . . Kick 3 | . 1 . . . . . 2 . Crush . | . . . . . . . . . Escape Stasis . | . . . . . . . . . Rewire . | . . . . . . . . . Trap . | . . . . . . . . . Miscellaneous . | . . . . . . . . . Route ------- -11/Scrapyard -10/Materials (discovered 4 exits: *Mat x2 / *Min x2) -10/Mines (discovered 2 exits: *Mat x2) -9/Materials -9/Mines -9/Exiles (discovered 2 exits: *Min x2) -8/Mines -8/Materials (discovered 3 exits: *Fac x2 / *Sto) -8/Storage History --------- Turn | Location | Event 6 | -11/Scrapyard | Discovered new exit (range 15) 61 | -11/Scrapyard | Entered Materials 289 | -10/Materials | Discovered new exit (range 15) 304 | -10/Materials | Build established: Mutant 403 | -10/Materials | Discovered new exit (range 8) 552 | -10/Materials | Discovered new exit (range 3) 572 | -10/Materials | Discovered new exit (range 16) 603 | -10/Materials | Entered Mines 750 | -10/Mines | Assisted by bots powering up and referring to "LRC-V3" 864 | -10/Mines | Discovered new exit (range 7) 960 | -10/Mines | Assembled infested the area 1186 | -10/Mines | Discovered new exit (range 3) 1231 | -10/Mines | Identified exit to Materials 1460 | -10/Mines | Entered Materials 1460 | -9/Materials | Accompanied by 3 allies 1460 | -9/Materials | Evolved 2 slots: Utility x1, Weapon x1 1488 | -9/Materials | Discovered new exit (range 15) 1556 | -9/Materials | Lost 3 allies 1593 | -9/Materials | Identified exit to Mines 1595 | -9/Materials | Entered Mines 1605 | -9/Mines | Learned location of Zion (-6) 1648 | -9/Mines | Deemed a non-threat by the Exiles lab entrance 1648 | -9/Mines | Discovered new exit (range 5) 1715 | -9/Mines | YI-UF0 nonchalantly dropped a Grenade Launcher on the ground 1858 | -9/Mines | Build established: Scavenger-Gunner 1883 | -9/Mines | A weapon hastily lodged in a ceiling crevice suddenly fell to the ground 2296 | -9/Mines | Found a Scrap Suit stashed away for nefarious purposes 2301 | -9/Mines | Found Scrap Suit 2539 | -9/Mines | Identified exit to Exiles 2550 | -9/Mines | Entered Exiles 2587 | -9/Exiles | Discovered new exit (range 15) 2609 | -9/Exiles | Identified exit to Mines 2655 | -9/Exiles | Met 8R-AWN 2687 | -9/Exiles | Met EX-HEX 2789 | -9/Exiles | Met EX-BIN 2848 | -9/Exiles | Met EX-DEC 2933 | -9/Exiles | Visited The Gauntlet 3481 | -9/Exiles | Discovered exit to Mines (range 10) 3498 | -9/Exiles | Entered Mines 3666 | -8/Mines | Discovered new exit (range 8) 3677 | -8/Mines | Identified exit to Materials 3679 | -8/Mines | Entered Materials 3679 | -8/Materials | Evolved 2 slots: Propulsion x1, Utility x1 4107 | -8/Materials | Build established: Scavenger-Skirmisher 4380 | -8/Materials | Discovered new exit (range 18) 4403 | -8/Materials | Garrison activated, responded to threat 4750 | -8/Materials | Identified exit to Storage 4795 | -8/Materials | Discovered new exit (range 17) 4892 | -8/Materials | Build established: Skirmisher 4911 | -8/Materials | Identified exit to Factory 5490 | -8/Materials | Repaired Titanium Leg 5717 | -8/Materials | Discovered exit to Factory (range 9) 5792 | -8/Materials | Build established: Mutant 6259 | -8/Materials | Entered Storage 6319 | -8/Storage | Core integrity fell below 50% 6350 | -8/Storage | Garrison activated, responded to threat 6412 | -8/Storage | Destroyed 13 combat bots 6413 | -8/Storage | Lost 10 parts (1p3n1u5w) 6451 | -8/Storage | Core integrity fell below 20% 6958 | -8/Storage | Destroyed by Y-45 Defender with Heavy Assault Rifle Last Messages --------------- 06918_ Gauss Rifle destroyed. 06920_ Acquired Prototype Ballistic Gun. 06920_ Identified Imp. Assault Rifle. 06920_ Faulty integration triggers system corruption (+4). 06922_ Dropped Faulty Imp. Assault Rifle. 06924_ Acquired Prototype Launcher. 06924_ Identified Adv. EMP Blaster. 06924_ Faulty integration triggers heat surge (+229). 06925_ Dropped Faulty Adv. EMP Blaster. 06927_ Acquired Adv. EMP Blaster. 06936_ Connecting with Terminal... >>Alert(Purge) Purged threat record, alert level lowered. >>Alert(Purge) Purged threat record, alert level lowered. 06947_ Terminal disabled. 06949_ Y-45 Defender destroyed. 06955_ XYSS9P2Y/ZYIWWORP%1JBO Map ----- +----------------------------------------------------+ | ?????????????????????????# #????? | | ?????????????????????????# ###??? | | ?????????????????????????# """#??? | | ?????????????????????????# R"#??? | | ?????????????????????????# """#??? | | ?????????????????????????# #????? | | ?????????????????????????? = #????? | | ??????????????????????????## /## #?????? | | ??????????????"####+####### !% #???????????? | | ??????????????" *#???????????? | | ??????????????" #???????????? | | ??????????????"#T###=[#####!= #???????????? | | ??????????##########=!#???##%###???????????? | | ???????# +]]#?####+#####?????????? | | ???????# #%%#?# #?????????? | | ??????# ??#[]#?# """" #??????""?? | | ??????## ????#![#?# "???" #####??"??? | | ???????# ""??????#[=#?# "????" # #? | | ???????# ????????# #?# ????"" + #?"?" | | ???????# ??????????# ###?????" # # ?"" | | ??????????????????## +?"""" # # """ | | ??????????????????# ###?? # +? ? | | ??????????????????# #??? # # "Y"?? | | ??????????????????# ############ %# "??? | | ?????????????????###w # ???? | | ?????????????????+ @ Y a k ##??#+# | | ?????????????????########/########% %#####*# | | ????????????????????????? ????## =! !%!% | | ?????????????????????????? ??## =!#####+# | | ??????????????????????????? T?## *## | | ???????????????????????????? "#?# ## ![ | | ???????????????????????????? ##?# ## | | ????????????????????????????? ??# ## ! | | ??????????????????????????????##?# ## | | ?????????????????????????????????# ## * | | ?????????????????????????????????# ####### | | ?????????????????????????????????# #?????? | | ?????????????????????????????????#####?????? | | ???????????????????????????????????????????? | | ???????????????????????????????????????????? | | ???????????????????????????????????????????? | | ???????????????????????????????????????????? | | ???????????????????????????????????????????? | | ???????????????????????????????????????????? | | ???????????????????????????????????????????? | | ???????????????????????????????????????????? | | ???????????????????????????????????????????? | | ???????????????????????????????????????????? | | ???????????????????????????????????????????? | | ???????????????????????????????????????????? | +----------------------------------------------------+ Best States ------------- Heat Dissipation 50 Energy Generation 14 Energy Capacity 275 Matter Stores 300 Matter Capacity 300 Sight Range 20 Terrain Scan Density 10 Resistance: KI 20 Resistance: TH 20 Resistance: EX 20 Resistance: EM 20 Resistance: I 20 Resistance: S 20 Resistance: P 20 Propulsion Shielding 33 Evasion (%) 55 Recoil Reduction 1 Offensive Hacking 10 Item Schematics ----------------- None Robot Schematics ------------------ None Fabricated ------------ Nothing Repaired ---------- Titanium Leg | 34% | -8/Materials Alien Tech Used ----------------- None Achievements -------------- None Challenges ------------ None Game ------ Seed CouplerPulseShifter Manual? 0 Play Time 00:43:23 Cumulative 230.2 hours Start 2025.05.09 @ 09:52:00 End 2025.05.09 @ 10:35:41 Sessions 1 Manual Loads 0 Difficulty Adventurer Special Mode None Game No. 268 Rogue 0 Adventurer 268 Explorer 0 Win Type - Total 0 Types 0/0/0/0/0/0/0/0/0/0 Lore% 69 Gallery% 57 Achievement% 49 Wizard Run 0 Options --------- Layout 2 ASCII 0 Keyboard 0 Movement Mouse Keybinds 0 Fullscreen 2 Font 48/Smallcaps Map View 50x44 Zoom Use 0% Tactical HUD 1 Map Filters NONE Filters NONE Steam 1 RUN: d4d703de-7488-4464-abfb-67bb1882be0f